 Dungeon Crawl Stone Soup version 0.28-a0-595-g9f6c0e134a (webtiles) character file.

Game seed: 12341909318148362347

3897 rezius the Carver (level 10, -2/70 HPs)
             Began as a Human Fighter on Oct 4, 2021.
             Was a Priest of the Shining One.
             Slain by a skeletal warrior (18 damage)
             ... on level 8 of the Dungeon.
             The game lasted 00:25:25 (9784 turns).

rezius the Carver (Human Fighter)                   Turns: 9784, Time: 00:25:26

Health: -2/70      AC: 23    Str: 27    XL:     10   Next: 43%
Magic:  10/10      EV:  5    Int:  8    God:    the Shining One [***...]
Gold:   93         SH: 16    Dex: 12    Spells: 9/9 levels left

rFire   . . .      SeeInvis .   y - +2 long sword (freeze)
rCold   . . .      Faith    .   r - +1 tower shield {AC+3}
rNeg    + . .      Spirit   .   g - +3 chain mail
rPois   .          Reflect  .   B - +2 helmet
rElec   .          Harm     .   o - +2 cloak
rCorr   .          Rampage  .   c - +1 pair of gloves
Will    .....                   (no boots)
Stlth   ..........              z - amulet of the acrobat
HPRegen 0.21/turn               s - +6 ring of strength
MPRegen 0.12/turn               (no ring)

@: glowing
A: no striking features
a: Renounce Religion, Divine Shield


You were on level 8 of the Dungeon.
You worshipped the Shining One.
The Shining One was most pleased with you.
You visited 2 branches of the dungeon, and saw 9 of its levels.
You also visited: Ossuary.

You collected 302 gold pieces.
You spent 209 gold pieces at shops.

Inventory:

Hand Weapons
 a - a +0 long sword
 x - a +1 whip of electrocution
 y - a +2 long sword of freezing (weapon)
Missiles
 e - 5 throwing nets (quivered)
Armour
 c - a +1 pair of gloves (worn)
 g - a +3 chain mail (worn)
 o - a +2 cloak (worn)
 r - a +1 tower shield of protection (worn)
 B - a +2 helmet (worn)
Jewellery
 m - a ring of flight
 s - a +6 ring of strength (left hand)
 z - an amulet of the acrobat (around neck)
Wands
 h - a wand of flame (12)
 n - a wand of mindburst (46)
 p - a wand of polymorph (2)
Scrolls
 d - a scroll of blinking
 f - a scroll of silence {unknown}
 i - a scroll of magic mapping
 A - 4 scrolls of teleportation
 C - a scroll of identify
Potions
 b - 2 potions of flight
 j - 2 potions of degeneration
 k - 3 potions of heal wounds
 l - a potion of cancellation {unknown}
 q - 2 potions of lignification {unknown}
 t - 7 potions of haste
 u - 6 potions of curing
 v - a potion of brilliance {unknown}
 w - a potion of attraction {unknown}
 D - a potion of might
 E - a potion of magic {unknown}
 F - a potion of ambrosia {unknown}


   Skills:
 - Level 3.0 Fighting
 + Level 11.0 Long Blades
 - Level 3.0 Armour
 + Level 10.0 Shields


You had 9 spell levels left.
You didn't know any spells.
Your spell library contained the following spells:

 Spells                   Type           Power      Damage    Failure   Level
 Animate Skeleton         Necr           0%         N/A       100%        1
 Apportation              Tloc           0%         N/A       100%        1
 Summon Small Mammal      Summ           0%         N/A       100%        1
 Static Discharge         Conj/Air       0%         N/A       100%        2
 Ozocubu's Armour         Ice            0%         N/A       100%        3
 Dispel Undead            Necr           0%         3d6       100%        4
 Sticky Flame             Conj/Fire      0%         2d3       100%        4
 Alistair's Intoxication  Tmut/Pois      0%         N/A       100%        5
 Borgnjor's Vile Clutch   Necr/Erth      0%         N/A       100%        5
 Metabolic Englaciation   Hex/Ice        0%         N/A       100%        5
 Eringya's Noxious Bog    Tmut/Pois      0%         N/A       100%        6
 Simulacrum               Ice/Necr       0%         N/A       100%        6


Dungeon Overview and Level Annotations

Branches:
Dungeon (8/15)             Temple (1/1) D:7         Ossuary (visited)
   Lair: D:8-11

Altars:
Ashenzari
Cheibriados
Dithmenos
Elyvilon
Fedhas
Gozag
Hepliaklqana
Kikubaaqudgha
Makhleb
Nemelex Xobeh
Okawaru
Qazlal
Ru
Trog
Uskayaw
Wu Jian
Xom
Yredelemnul
Zin
The Shining One

Shops:
D:1 :   D:2 [   D:8 !


Message History

You hit the skeletal warrior but do no damage.
You block the skeletal warrior's attack. x2
You barely miss the skeletal warrior.
The skeletal warrior hits you with a +0 glaive!!
You hit the skeletal warrior but do no damage.
The skeletal warrior hits you but does no damage.
You hit the skeletal warrior but do no damage.
The skeletal warrior hits you with a +0 glaive!
You hit the skeletal warrior but do no damage.
You block the skeletal warrior's attack.
You hit the skeletal warrior but do no damage.
You block the skeletal warrior's attack.
Your shield and chain mail prevent you from hitting the skeletal warrior.
The skeletal warrior barely misses you.
You hit the skeletal warrior but do no damage.
You block the skeletal warrior's attack.
The skeletal warrior hits you but does no damage.
You slash the skeletal warrior!
The skeletal warrior is moderately damaged.
You block the skeletal warrior's attack.
You hit the skeletal warrior. You freeze the skeletal warrior.
The skeletal warrior is moderately damaged.
You block the skeletal warrior's attack.
You hit the skeletal warrior but do no damage.
The skeletal warrior is moderately damaged.
The skeletal warrior hits you with a +0 glaive.
You hit the skeletal warrior but do no damage.
The skeletal warrior is moderately damaged.
The skeletal warrior hits you but does no damage.
You barely miss the skeletal warrior.
The skeletal warrior is moderately damaged.
You block the skeletal warrior's attack.
You hit the skeletal warrior. You freeze the skeletal warrior.
The skeletal warrior is moderately damaged.
The skeletal warrior hits you with a +0 glaive! x2
* * * LOW HITPOINT WARNING * * *
You hit the skeletal warrior but do no damage.
The skeletal warrior is moderately damaged.
The skeletal warrior hits you with a +0 glaive!!
You die...

########### ######.........#
#..............#
#.###########..# #.#. #.
#..####### #.#.#. #..##....###
#.##.##### #...........
#.##.#...# #.###..≈≈≈
####...#.#@## #.# #..≈##
######....#..#.#z# ##.###..≈#
..........##.##### #.......≈#
..####...#.#.. #.#.####)≈#
#........#..##. #..#.#<.))≈#
......#...###.#######...##.≈≈≈≈≈
....#####.)))..........###......
... #.##).....#...####.##### .#
####.##))###........>...


You could see a skeletal warrior.

Vanquished Creatures
  Harold (D:7)
  Grinder (D:3)
  Sigmund (D:3)
  A wraith (D:8)
  A water moccasin (D:7)
  A hornet zombie (D:6)
  A sky beast (D:5)
  2 black bears
  3 orc warriors
  A necrophage (D:4)
  2 ogres
  A kobold brigand (D:6)
  A bullfrog (D:7)
  5 scorpions
  A wyvern skeleton (D:5)
  4 killer bees (D:8)
  A howler monkey (D:5)
  A crimson imp (D:7)
  A hound (D:6)
  2 jellies (D:5)
  3 gnoll shamans
  5 orc priests
  A bullfrog skeleton (D:6)
  2 orc wizards
  4 iguanas
  Natasha (D:3)
  12 mummies (Ossuary)
  18 gnolls
  7 adders
  A white imp (D:7)
  An adder skeleton (D:4)
  5 dart slugs
  24 orcs
  7 ball pythons
  A bat (D:2)
  9 endoplasms
  2 giant cockroaches
  6 goblins
  10 hobgoblins
  12 jackals
  3 quokkas
  A frilled lizard (D:2)
  3 gnoll skeletons (Ossuary)
  A goblin skeleton (Ossuary)
  11 kobolds
  4 kobold skeletons (Ossuary)
  3 rats
  11 rat skeletons (Ossuary)
200 creatures vanquished.

Vanquished Creatures (others)
  2 plants
  2 withered plants (D:6)
4 creatures vanquished.

Grand Total: 204 creatures vanquished

Notes
Turn   | Place    | Note
-------+----------+-------------------------------------------
     0 | D:1      | rezius the Human Fighter began the quest for the Orb.
     0 | D:1      | Reached XP level 1. HP: 18/18 MP: 1/1
   361 | D:2      | Reached XP level 2. HP: 22/24 MP: 2/2
   404 | D:2      | You fall into a shaft and drop 2 floors!
   779 | D:4      | Reached XP level 3. HP: 29/29 MP: 3/3
   943 | D:4      | Noticed a scorpion
   954 | D:4      | Killed a scorpion
   955 | D:4      | Reached skill level 3 in Long Blades
   955 | D:4      | Reached XP level 4. HP: 23/35 MP: 4/4
  1073 | D:3      | Noticed Natasha
  1396 | D:4      | Noticed a black bear
  1520 | D:4      | Killed a black bear
  1521 | D:4      | Reached skill level 5 in Long Blades
  1521 | D:4      | Reached XP level 5. HP: 28/41 MP: 5/5
  1690 | D:4      | Noticed a necrophage
  1706 | D:4      | Killed a necrophage
  1707 | D:4      | Reached XP level 6. HP: 39/47 MP: 6/6
  2048 | D:3      | Learned a level 3 spell: Ozocubu's Armour
  2127 | D:3      | Found a faded altar of an unknown god.
  2277 | D:3      | Killed Natasha
  2278 | D:3      | Reached skill level 6 in Long Blades
  2444 | D:3      | Noticed Grinder
  2448 | D:3      | Noticed Sigmund
  2456 | D:3      | Paralysed by Grinder for 3 turns
  2459 | D:3      | Killed Grinder
  2460 | D:3      | Reached XP level 7. HP: 20/52 MP: 7/7
  2464 | D:3      | Killed Sigmund
  2465 | D:3      | Reached skill level 7 in Long Blades
  2465 | D:3      | Reached skill level 5 in Shields
  3217 | D:2      | Found Lippops's Antique Armour Boutique.
  3918 | D:1      | Found Wurofu's Book Boutique.
  3938 | D:1      | Reached XP level 8. HP: 58/58 MP: 8/8
  4448 | D:5      | Entered Level 5 of the Dungeon
  4855 | D:5      | Reached skill level 8 in Long Blades
  5324 | D:6      | Reached XP level 9. HP: 42/63 MP: 9/9
  5914 | D:6      | Reached skill level 9 in Long Blades
  6585 | D:6      | Found an ancient bone altar of Kikubaaqudgha.
  6652 | D:6      | Identified the +0 leather armour "Wiodal" {rElec rF- rC++
                  | SInv}
  7427 | D:7      | Found a staircase to the Ecumenical Temple.
  7448 | Temple   | Entered the Ecumenical Temple
  7601 | Temple   | Became a worshipper of the Shining One
  7986 | D:7      | Noticed Harold
  8008 | D:7      | Killed Harold
  8009 | D:7      | Reached skill level 10 in Long Blades
  8009 | D:7      | Reached XP level 10. HP: 11/70 MP: 10/10
  8320 | D:7      | Found a burning altar of Makhleb.
  9086 | D:8      | Found a sand-covered staircase.
  9095 | Ossuary  | Entered an ossuary
  9148 | Ossuary  | Reached * piety under the Shining One
  9212 | Ossuary  | Reached ** piety under the Shining One
  9389 | Ossuary  | Reached *** piety under the Shining One
  9440 | D:8      | Found Oceameis's Distillery.
  9671 | D:8      | Bought a potion of curing for 33 gold pieces
  9671 | D:8      | Bought a potion of haste for 110 gold pieces
  9671 | D:8      | Bought a potion of curing for 33 gold pieces
  9671 | D:8      | Bought a potion of curing for 33 gold pieces
  9691 | D:8      | Reached skill level 11 in Long Blades
  9703 | D:8      | Reached skill level 10 in Shields
  9767 | D:8      | Noticed a skeletal warrior
  9767 | D:8      | Found the +5 scythe "Finisher" {speed, eviscerate}
  9784 | D:8      | Slain by a skeletal warrior

Illustrated notes

Levels and vault maps discovered:
D:1:      dpeg_arrival_boxorama, layout_loops_ring, serial_shops,
          nicolae_shop_waterfront
D:2:      layout_basic, serial_shops, nicolae_shop_overgrown_old_shop,
          minmay_statues_item, minmay_misc_feat_four_crosses, minmay_between
D:3:      layout_loops_ring, shapermc_ecumenical_altar_acropolis,
          minmay_misc_feat_x, uniq_grinder, uniq_natasha, uniq_sigmund
D:4:      layout_basic, columned_hall_lemuel
D:5:      layout_cave_pools
D:6:      layout_gridville, kiku_gazebo_garden_becter
D:7:      layout_basic, makhleb_grotto_becter, minmay_temple_entry_glass,
          grunt_ministairs_13, uniq_harold
D:8:      layout_rooms, minitemple, serial_shops, shop, shop, shop, shop,
          nicolae_lakefront_shop, enter_ossuary_3, enter_bailey_3,
          minmay_guarded_unrand_finisher, uniq_pikel
Temple:   regret_index_temple_mists

Skill      XL: |  1  2  3  4  5  6  7  8  9 10 |
---------------+-------------------------------+-----
Long Blades    | 3 5 6 7 8 10 11 | 11.0
Shields        | 4 5 7 9 10 | 10.0
Fighting       | |  3.0
Armour         | |  3.0

Action                   |  1- 3 |  4- 6 |  7- 9 | 10-12 || total
-------------------------+-------+-------+-------+-------++-------
Melee: Long sword        |    56 |   106 |   343 |   240 ||   745
Evoke: Wand              |       |       |     1 |     1 ||     2
  Use: Scroll            |       |       |    14 |     8 ||    22
       Potion            |       |       |     2 |       ||     2
Armor: Chain mail        |    37 |    92 |   200 |    88 ||   417
Dodge: Dodged            |    19 |    54 |    41 |    28 ||   142
Block: Buckler           |    10 |    30 |       |       ||    40
       Tower shield      |       |     7 |   301 |   195 ||   503

Table legend: (Time is in decaauts)
 A = Elapsed time spent in this place.
 B = Non-inter-level travel time spent in this place.
 C = Inter-level travel time spent in this place.
 D = Time resting spent in this place.
 E = Time spent auto-exploring this place.
 F = Levels seen in this place.
 G = Mean time per level.
                   A        B        C        D        E       F      G
               +--------+--------+--------+--------+--------+-----+--------+
         Total |  10079 |   9272 |    807 |   1963 |   4754 |  10 | 1007.9 |
       Dungeon |   9499 |   8714 |    785 |   1963 |   4476 |   8 | 1187.4 |
        Temple |    223 |    202 |     21 |      0 |    176 |   1 |  223.0 |
       Ossuary |    355 |    355 |      0 |      0 |    101 |   1 |  355.0 |
               +--------+--------+--------+--------+--------+-----+--------+

Top non-repeatable levels by time:
     D:4: 1617 daAuts
     D:7: 1570 daAuts
     D:2: 1401 daAuts
     D:6: 1394 daAuts
     D:3: 1144 daAuts
     D:5: 1052 daAuts
     D:1: 941 daAuts
     D:8: 378 daAuts
 Ossuary: 355 daAuts
  Temple: 223 daAuts
